 Dungeon Crawl Stone Soup version 0.28.0-53-g5a82cb258f (webtiles) character file.

Game seed: 12554749518883721711

96 mcbry74 the Skirmisher (level 4, -3/41 HPs)
             Began as a Minotaur Fighter on June 26, 2022.
             Slain by an ogre
             ... wielding a +0 giant spiked club
              (16 damage)
             ... on level 3 of the Dungeon.
             The game lasted 00:04:26 (2367 turns).

mcbry74 the Skirmisher (Minotaur Fighter)           Turns: 2367, Time: 00:04:26

Health: -3/41      AC: 18    Str: 20    XL:     4   Next: 41%
Magic:  3/3        EV:  7    Int:  7    God:
Gold:   99         SH:  4    Dex: 10    Spells: 3/3 levels left

rFire   . . .      SeeInvis .   m - +0 flail (protect)
rCold   . . .      Faith    .   c - +0 buckler
rNeg    . . .      Spirit   .   g - +0 chain mail
rPois   .          Reflect  .   (helmet restricted)
rElec   .          Harm     .   (no cloak)
rCorr   .          Rampage  .   o - +1 pair of gloves
Will    .....                   (no boots)
Stlth   ..........              (no amulet)
HPRegen 0.13/turn               (no ring)
MPRegen 0.08/turn               (no ring)

@: under a protective aura
A: horns 2, retaliatory headbutt
a: no special abilities


You were on level 3 of the Dungeon.
You visited 1 branch of the dungeon, and saw 3 of its levels.

You collected 99 gold pieces.

Inventory:

Hand Weapons
 a - a +0 war axe
 m - a +0 flail of protection (weapon)
Missiles
 i - 34 arrows
Armour
 c - a +0 buckler (worn)
 g - a +0 chain mail (worn)
 o - a +1 pair of gloves (worn)
Scrolls
 b - a scroll of blinking {unknown}
 h - 2 scrolls of enchant armour {unknown}
 j - a scroll of summoning {unknown}
 l - a scroll of teleportation {unknown}
 p - a scroll of identify {unknown}
Potions
 d - a potion of might
 e - a potion of mutation {unknown}
 f - a potion of heal wounds {unknown}
 k - a potion of degeneration {unknown}
 q - a potion of haste {unknown}


   Skills:
 + Level 4.3 Fighting
 + Level 3.3(3.9) Axes
 + Level 2.0(3.0) Maces & Flails
 + Level 1.9(2.9) Polearms
 + Level 4.2 Armour
 - Level 3.6 Shields


You had 3 spell levels left.
You didn't know any spells.
Your spell library contained the following spells:

 Spells                   Type           Power      Damage    Failure   Level
 Lesser Beckoning         Tloc           0%         N/A       100%        3
 Mephitic Cloud           Conj/Pois/Air  0%         N/A       100%        3
 Iskenderun's Mystic Bla  Conj/Tloc      0%         2d3       100%        4


Dungeon Overview and Level Annotations

Branches:
Dungeon (3/15)

Altars:


Innate Abilities, Weirdness & Mutations

You have a pair of horns on your head.
You reflexively headbutt those who attack you in melee.


Message History

There is a stone staircase leading up here.
An ogre comes into view. It is wielding a +0 giant spiked club.
Throw: 2 darts (poison)
Press: ? - help, Q - select action Shift-Dir - straight line, f - ogre
Aim: an ogre, wielding a +0 giant spiked club (73% to hit)
You throw a poisoned dart. The poisoned dart hits the ogre.
Throw: dart (poison)
Press: ? - help, Q - select action Shift-Dir - straight line, f/p - ogre
Aim: an ogre, wielding a +0 giant spiked club (73% to hit)
You throw a poisoned dart. The poisoned dart hits the ogre.
The ogre is poisoned.
The hobgoblin hits you but does no damage.
You hit the hobgoblin.
Your weapon exudes an aura of protection.
The hobgoblin is moderately wounded.
The hobgoblin barely misses you.
The hobgoblin hits you but does no damage.
You closely miss the ogre. You headbutt the ogre!
The ogre is heavily wounded.
The ogre barely misses you. The hobgoblin barely misses you.
You hit the ogre but do no damage.
Your weapon exudes an aura of protection.
Your headbutt misses the ogre.
The ogre is heavily wounded.
The ogre barely misses you. You block the hobgoblin's attack.
You hit the ogre. Your headbutt misses the ogre.
The ogre is heavily wounded.
The hobgoblin hits you but does no damage.
The ogre closely misses you.
The hobgoblin hits you but does no damage.
You barely miss the ogre.
The ogre is severely wounded.
The ogre looks more healthy.
The ogre hits you with a +0 giant spiked club!!
Ouch! That really hurt!
The hobgoblin hits you.
You barely miss the ogre.
The ogre is severely wounded.
The ogre hits you with a +0 giant spiked club!
You die...

#.# #.# . #.# .÷
#.# .÷.
#.###8(8.
.#.######....(.#
........g.....#
.......@O<....#
##.######.....#
#....$# ###>###
.# .# #


You could see an ogre and a hobgoblin.

Vanquished Creatures
  Terence (D:2)
  A gnoll (D:2)
  3 adders (D:2)
  A worm (D:2)
  A dart slug (D:1)
  6 ball pythons
  3 bats
  An endoplasm (D:2)
  A giant cockroach (D:2)
  A goblin (D:2)
  2 hobgoblins
  A quokka (D:2)
  3 frilled lizards
  4 kobolds
  3 rats (D:2)
32 creatures vanquished.

Notes
Turn   | Place    | Note
-------+----------+-------------------------------------------
     0 | D:1      | mcbry74 the Minotaur Fighter began the quest for the Orb.
     0 | D:1      | Reached XP level 1. HP: 19/19 MP: 0/0
   541 | D:1      | Reached XP level 2. HP: 27/27 MP: 1/1
   850 | D:2      | Reached skill level 1 in Maces & Flails
   850 | D:2      | Reached skill level 1 in Polearms
  1019 | D:2      | Noticed Terence
  1039 | D:2      | Killed Terence
  1040 | D:2      | Reached XP level 3. HP: 5/33 MP: 2/2
  1592 | D:2      | Reached XP level 4. HP: 24/40 MP: 3/3
  2061 | D:2      | Got the Catalogue of Toxic Dislocation
  2356 | D:3      | Noticed an ogre
  2367 | D:3      | Slain by an ogre

Illustrated notes

Levels and vault maps discovered:
D:1:      tarquinn_simple_flora_water_e, layout_loops_ring
D:2:      minmay_chambers_of_twos, layout_basic, uniq_terence
D:3:      layout_loops_ring, bloody_makhleb, shapermc_ecumenical_altar_pompeii,
          minmay_goblin_kobold_house

Skill      XL: |  1  2  3  4 |
---------------+-------------+-----
Maces & Flails | 1 2 |  2.0
Polearms       | 1 |  1.9
Fighting       | 4 |  4.3
Axes           | 3 |  3.3
Armour         | 4 |  4.2
Shields        | |  3.6

Action                   |  1- 3 |  4- 6 || total
-------------------------+-------+-------++-------
Melee: War axe           |    41 |       ||    41
       Headbutt          |     9 |     5 ||    14
       Flail             |    27 |    37 ||    64
Throw: Dart              |     2 |     2 ||     4
Armor: Scale mail        |     7 |       ||     7
       Chain mail        |    35 |    25 ||    60
Dodge: Dodged            |    31 |    16 ||    47
Block: Buckler           |    22 |     3 ||    25
